 Dungeon Crawl Stone Soup version 0.31-a0-744-gbc345e7fcb (webtiles) character file.

Game seed: 4686377163839576563

37669 Iich the Severer (level 13, 0/122 HPs)
             Began as a Minotaur Fighter on Sept 13, 2023.
             Was an Initiate of Gozag.
             Slain by a 14-headed hydra (7 damage)
             ... on level 5 of the Lair of Beasts.
             The game lasted 00:31:52 (16536 turns).

Iich the Severer (Minotaur Fighter)                Turns: 16536, Time: 00:31:53

Health: 0/122      AC: 20    Str: 25    XL:     13   Next: 59%
Magic:  13/13      EV: 19    Int:  5    God:    Gozag
Gold:   1401       SH: 21    Dex: 23    Spells: 12/12 levels left

rFire   + . .        L - +1 broad axe
rCold   + + .        f - +2 kite shield
rNeg    . . .        w - +2 ring mail {rC+}
rPois   +            x - +2 hat {Stlth+}
rElec   +            X - +2 cloak {Stlth+}
rCorr   +            k - +2 pair of gloves
SInv    .            R - +2 pair of boots
Will    .....        y - amulet of reflection
Stlth   +++          G - +6 ring of dexterity
HPRegen 0.40/turn    Q - ring "Gyho" {rPois Str+3 Dex+5}
MPRegen 0.13/turn

%: reflection, clarity
@: resistant, hasted, studying Fire Magic, very quick
A: horns 2, retaliatory headbutt, clarity, clumsy 1, high MP 1
a: Renounce Religion, Potion Petition, Call Merchant, Bribe Branch


You were on level 5 of the Lair of Beasts.
You worshipped Gozag.
Gozag was most pleased with you.
You visited 3 branches of the dungeon, and saw 16 of its levels.
You also visited: Ossuary and Bailey.

You collected 3673 gold pieces.
You spent 1102 gold pieces at shops.
You paid 1170 gold pieces to Gozag.

Inventory:

Hand Weapons
 a - a +0 war axe
 L - a +1 broad axe (weapon)
Missiles
 J - a throwing net
Armour
 b - a +0 scale mail
 f - a +2 kite shield (worn)
 k - a +2 pair of gloves (worn)
 w - a +2 ring mail of cold resistance (worn)
 x - a +2 hat of stealth (worn)
 A - the +0 cloak "Plog" {Str+3}
   (You found it on level 4 of the Dungeon)

   Str+3:     It affects your strength (+3).
 M - a +0 plate armour
 R - a +2 pair of boots (worn)
 X - a +2 cloak of stealth (worn)
Jewellery
 c - an amulet of the acrobat
 u - a ring of flight
 y - an amulet of reflection (around neck)
 G - a +6 ring of dexterity (left hand)
 H - a +6 ring of dexterity
 N - a ring of positive energy
 P - a ring of poison resistance
 Q - the ring "Gyho" (right hand) {rPois Str+3 Dex+5}
   (You bought it in a shop on level 6 of the Dungeon)

   [ring of poison resistance]

   Str+3:     It affects your strength (+3).
   Dex+5:     It affects your dexterity (+5).
   rPois:     It protects you from poison
 S - a ring of see invisible
Talismans
 I - a maw talisman
 O - a beast talisman
Wands
 m - a wand of roots (4)
 D - a wand of digging (2)
 F - a wand of mindburst (14)
 K - a wand of polymorph (14)
 V - a wand of quicksilver (5)
 Y - a wand of flame (11)
Scrolls
 g - 2 scrolls of immolation
 i - a scroll of identify
 j - 6 scrolls of revelation
 p - a scroll of noise
 s - a scroll of silence
 t - 6 scrolls of teleportation
 v - 7 scrolls of fog
 z - 3 scrolls of poison
 B - a scroll of blinking
 U - a scroll of butterflies
Potions
 d - a potion of might
 e - a potion of ambrosia
 h - 2 potions of haste
 l - 13 potions of heal wounds
 n - 5 potions of lignification
 o - 2 potions of brilliance
 q - 7 potions of curing
 r - 5 potions of mutation
 C - a potion of berserk rage
 E - 3 potions of enlightenment
 T - 2 potions of attraction
 W - a potion of cancellation


   Skills:
 + Level 13.5 Fighting
 * Level 16.0 Axes
 + Level 5.8 Armour
 - Level 11.4 Dodging
 - Level 12.8 Shields
 - Level 4.7 Shapeshifting


You had 12 spell levels left.
You didn't know any spells.
Your spell library contained the following spells:

 Spells                   Type           Power      Damage    Failure   Level
 Poisonous Vapours        Pois/Air       0%         N/A       88%         2
 Static Discharge         Conj/Air       0%         2-2/arc   88%         2
 Sublimation of Blood     Necr           0%         N/A       88%         2
 Wereblood                Tmut           0%         N/A       88%         2
 Frozen Ramparts          Ice            0%         1d1       98%         3
 Hailstorm                Conj/Ice       0%         3d3       98%         3
 Mephitic Cloud           Conj/Pois/Air  0%         N/A       98%         3
 Airstrike                Air            0%         2d(0-16)  100%        4
 Petrify                  Tmut/Erth      0%         N/A       100%        4
 Summon Ice Beast         Ice/Summ       0%         N/A       100%        4
 Summon Lightning Spire   Summ/Air       0%         N/A       100%        4
 Freezing Cloud           Conj/Ice/Air   0%         6-21      100%        5
 Irradiate                Conj/Tmut      0%         3d11      100%        5
 Metabolic Englaciation   Hex/Ice        0%         N/A       100%        5
 Summon Hydra             Summ           0%         N/A       100%        7
 Simulacrum               Ice/Necr       Unusable   N/A       N/A         6

Dungeon Overview and Level Annotations

Branches:
Dungeon (10/15)            Temple (1/1) D:5            Lair (5/5) D:8
  Swamp (0/4) Lair:2        Snake (0/4) Lair:2        Slime (0/5) Lair:5
    Orc (0/2) D:9         Ossuary (visited)          Bailey (visited)

Altars:
Ashenzari
Cheibriados
Dithmenos
Elyvilon
Fedhas
Gozag
Hepliaklqana
Kikubaaqudgha
Makhleb
Nemelex Xobeh
Okawaru
Qazlal
Ru
Sif Muna
Trog
Uskayaw
Vehumet
Wu Jian
Xom
Yredelemnul
Zin
The Shining One
Jiyva

Shops:
D:5 :   D:6 =[!:   D:9 !


Innate Abilities, Weirdness & Mutations

You have a pair of horns on your head.
You reflexively headbutt those who attack you in melee.
You possess an exceptional clarity of mind.
You are clumsy. (Dex -2)
You have an increased reservoir of magic. (+10% MP)


Message History

The 13-headed hydra bites you but does no damage.
The 13-headed hydra barely misses you. You block the 13-headed hydra's attack.
You lop one of the 13-headed hydra's heads off!
The 12-headed hydra grows two more!
You slash the 14-headed hydra!
The 14-headed hydra is moderately wounded.
The 14-headed hydra bites you but does no damage.
The 14-headed hydra misses you. You block the 14-headed hydra's attack.
The 14-headed hydra bites you but does no damage.
The 14-headed hydra bites you!
* * * LOW HITPOINT WARNING * * *
You block the 14-headed hydra's attack. x2
The 14-headed hydra closely misses you. The 14-headed hydra barely misses you.
The 14-headed hydra bites you but does no damage.
The 14-headed hydra completely misses you.
The 14-headed hydra closely misses you. You block the 14-headed hydra's attack.
The 14-headed hydra bites you.
* * * LOW HITPOINT WARNING * * *
You take 20 damage, and have 38/122 hp. [a] - 230 gold - resistance [b] - 322 gold - resistance and might [c] - 600 gold - haste and resistance Purchase which effect?
You feel yourself speed up.
You feel protected. You block the 14-headed hydra's attack.
The 14-headed hydra bites you.
* * * LOW HITPOINT WARNING * * *
You block the 14-headed hydra's attack.
The 14-headed hydra bites you but does no damage.
You block the 14-headed hydra's attack. The 14-headed hydra barely misses you.
The 14-headed hydra bites you!
* * * LOW HITPOINT WARNING * * *
The 14-headed hydra bites you.
* * * LOW HITPOINT WARNING * * *
The 14-headed hydra bites you!
* * * LOW HITPOINT WARNING * * *
The 14-headed hydra bites you but does no damage.
You block the 14-headed hydra's attack. The 14-headed hydra misses you. x2
The 14-headed hydra bites you!
You die...
Your body crumbles into a pile of gold.

#.P...## #.#....# #
##PP....# ###....# #
#P......#####....## #
#...........P..#..## #
####...##.....##...#####
#....####P#P#...##..##
##..## #####.........
#..####..###.......#P
##..@D............###
#.#.#.P#.#.#.##..###.
######## ######...##.
#...##.# #....#..
##.P.... ###..#. ####.
##


You could see a 14-headed hydra.

Vanquished Creatures
  Gastronok (D:10)
  Nessos (Lair:5)
  A hydra (Lair:2)
  A boulder beetle (Lair:3)
  2 catoblepae
  An anaconda (Lair:5)
  Erica (Lair:2)
  A two-headed ogre (D:9)
  A skyshark (Lair:5)
  Pikel (D:4)
  A will-o-the-wisp (Lair:2)
  4 black mambas
  11 elephants
  13 cane toads
  9 komodo dragons
  2 rime drakes
  A troll (D:9)
  A hornet (Lair:5)
  4 polar bears
  10 blink frogs
  Prince Ribbit (D:9)
  7 dream sheep (Lair:5)
  3 slime creatures (Lair:5)
  35 yaks
  2 fire bats (Lair:2)
  5 wyverns
  4 basilisks
  A steam dragon (D:8)
  3 nagas (Lair:2)
  Duvessa (D:7)
  14 water moccasins
  An ice beast (D:5)
  8 orc warriors
  3 sky beasts
  8 wolves
  An ogre (D:5)
  6 centaurs
  2 lemures (D:4)
  9 kobold brigands
  6 bullfrogs
  A gnoll sergeant (D:6)
  A scorpion (D:7)
  8 wights
  3 killer bees (D:9)
  Dowan (D:7)
  6 electric eels
  3 lava snakes (Lair:2)
  A centaur zombie (Ossuary)
  3 orc priests
  A gnoll bouda (D:5)
  2 jellies
  4 iguanas
  7 orc wizards
  4 ogre zombies (Ossuary)
  7 mummies (Ossuary)
  Robin (D:4)
  An adder (D:2)
  8 gnolls
  A shadow imp (D:6)
  A white imp (D:7)
  2 ufetubi
  7 adder zombies (Ossuary)
  2 worms (D:2)
  2 dart slugs
  23 orcs
  11 ball pythons
  5 bats
  7 endoplasms
  20 goblins
  6 hobgoblins
  3 jackals (D:2)
  26 kobolds
  3 quokkas
  7 frilled lizards
  A gnoll zombie (Ossuary)
  2 goblin zombies (Ossuary)
  3 hobgoblin zombies (Ossuary)
  5 kobold zombies (Ossuary)
  A quokka zombie (Ossuary)
  5 rats
  6 rat zombies (Ossuary)
398 creatures vanquished.

Vanquished Creatures (others)
  2 lava snakes (Lair:2)
  12 foxfires (Lair:2)
14 creatures vanquished.

Grand Total: 412 creatures vanquished

Notes
Turn   | Place    | Note
-------+----------+-------------------------------------------
     0 | D:1      | Iich the Minotaur Fighter began the quest for the Orb.
     0 | D:1      | Reached XP level 1. HP: 19/19 MP: 0/0
   143 | D:1      | Reached XP level 2. HP: 27/27 MP: 1/1
   260 | D:1      | Reached skill level 1 in Dodging
   410 | D:1      | Reached skill level 3 in Axes
   736 | D:2      | Reached XP level 3. HP: 26/33 MP: 2/2
   807 | D:2      | Found a shimmering altar of Xom.
  1232 | D:3      | Found a faded altar of an unknown god.
  1237 | D:3      | Reached XP level 4. HP: 40/40 MP: 3/3
  1397 | D:3      | Found an iron altar of Okawaru.
  2135 | D:4      | Noticed Robin
  2140 | D:4      | Reached XP level 5. HP: 41/47 MP: 4/4
  2142 | D:4      | Killed Robin
  2191 | D:4      | Noticed a lemure
  2208 | D:4      | Killed a lemure
  2219 | D:4      | Noticed a lemure
  2229 | D:4      | Killed a lemure
  2243 | D:4      | Reached skill level 4 in Axes
  2262 | D:4      | Found a sand-covered staircase.
  2269 | D:4      | Identified the +0 cloak "Plog" {Str+3}
  2290 | Ossuary  | Entered an ossuary
  2291 | Ossuary  | Gained mutation: You have an increased reservoir of magic.
                  | (+10% MP) [potion of mutation]
  2291 | Ossuary  | Gained mutation: You are vulnerable to cold. (rC-) [potion
                  | of mutation]
  2291 | Ossuary  | Gained mutation: Your muscles are strong. (Str +4, Int/Dex
                  | -1) [potion of mutation]
  2292 | Ossuary  | Lost mutation: You are vulnerable to cold. (rC-) [potion of
                  | mutation]
  2292 | Ossuary  | Lost mutation: Your muscles are strong. (Str +4, Int/Dex
                  | -1) [potion of mutation]
  2292 | Ossuary  | Gained mutation: You are clumsy. (Dex -2) [potion of
                  | mutation]
  2292 | Ossuary  | Gained mutation: You possess an exceptional clarity of
                  | mind. [potion of mutation]
  2360 | Ossuary  | Reached skill level 5 in Fighting
  2360 | Ossuary  | Reached skill level 5 in Shields
  2374 | Ossuary  | Reached XP level 6. HP: 41/56 MP: 5/5
  2845 | D:4      | Noticed Pikel
  2861 | D:4      | Killed Pikel
  2862 | D:4      | Reached skill level 5 in Axes
  2862 | D:4      | Reached XP level 7. HP: 35/64 MP: 6/6
  3173 | D:4      | You fall into a shaft and drop 1 floor!
  3173 | D:5      | Entered Level 5 of the Dungeon
  3212 | D:5      | Found a broken altar of Ashenzari.
  3401 | D:5      | Reached skill level 6 in Axes
  3401 | D:5      | Reached XP level 8. HP: 59/71 MP: 7/7
  3524 | D:5      | Found Wuyna's Book Shoppe.
  3702 | D:5      | Reached skill level 5 in Dodging
  3708 | D:5      | Found a staircase to the Ecumenical Temple.
  3810 | Temple   | Entered the Ecumenical Temple
  4101 | D:5      | Found a shimmering blue altar of Sif Muna.
  4262 | D:6      | Reached skill level 1 in Shapeshifting
  4401 | D:6      | Found Ref Via's Book Shop.
  4402 | D:6      | Found Oneev's Antique Armour Boutique.
  4548 | D:6      | Found Ginetret's Distillery.
  4548 | D:6      | Found Lusazent's Jewellery Shop.
  4556 | D:6      | Bought a potion of heal wounds for 55 gold pieces
  4556 | D:6      | Bought a potion of heal wounds for 55 gold pieces
  4556 | D:6      | Bought a potion of mutation for 88 gold pieces
  5022 | D:6      | Reached skill level 7 in Axes
  5043 | D:6      | Found a snail-covered altar of Cheibriados.
  5044 | D:6      | Found a hide-covered altar of Uskayaw.
  5488 | D:7      | Reached XP level 9. HP: 70/79 MP: 8/8
  5769 | D:7      | Found an opulent altar of Gozag.
  5884 | D:7      | Noticed Duvessa
  5884 | D:7      | Noticed Dowan
  5891 | D:7      | Killed Duvessa
  5891 | D:7      | Killed Dowan
  6326 | D:8      | Found a staircase to the Lair.
  6423 | D:7      | Became a worshipper of Gozag Ym Sagoz the Greedy
  6630 | D:8      | Found a flagged portal.
  6670 | Bailey   | Entered a bailey
  6763 | Bailey   | Reached skill level 8 in Axes
  6764 | Bailey   | Identified the +5 whip of Corruption {antimagic, rN+}
  7273 | Bailey   | Found a bloodstained altar of Trog.
  7849 | D:6      | Bought the ring "Gyho" {rPois Str+3 Dex+5} for 569 gold
                  | pieces
  7857 | D:6      | Bought a pair of runed boots for 195 gold pieces
  8012 | D:9      | Reached XP level 10. HP: 90/90 MP: 10/10
  8016 | D:9      | Found Able's Distillery.
  8055 | D:9      | Bought 2 potions of heal wounds for 140 gold pieces
  8334 | D:9      | Reached skill level 9 in Axes
  8492 | D:9      | Noticed a two-headed ogre
  8493 | D:9      | Noticed Prince Ribbit
  8502 | D:9      | Killed a two-headed ogre
  8507 | D:9      | Killed Prince Ribbit
  9026 | D:9      | Found a staircase to the Orcish Mines.
  9138 | D:10     | Entered Level 10 of the Dungeon
  9262 | D:10     | Noticed Gastronok
  9277 | D:10     | Killed Gastronok
  9278 | D:10     | Reached skill level 10 in Fighting
  9278 | D:10     | Reached skill level 10 in Shields
  9523 | Lair:1   | Entered Level 1 of the Lair of Beasts
  9523 | Lair:1   | Noticed an elephant
  9523 | Lair:1   | Noticed an elephant
  9523 | Lair:1   | Noticed a cane toad
  9525 | Lair:1   | Noticed an elephant
  9527 | Lair:1   | Noticed an elephant
  9535 | D:8      | Killed an elephant
  9536 | D:8      | Reached XP level 11. HP: 89/99 MP: 11/11
  9574 | D:8      | Reached skill level 10 in Axes
 10052 | Lair:1   | Reached skill level 11 in Axes
 10521 | Lair:1   | Reached skill level 12 in Axes
 10933 | Lair:2   | Found a staircase to the Snake Pit.
 11603 | Lair:2   | Found a staircase to the Swamp.
 11617 | Lair:2   | Reached skill level 10 in Dodging
 11617 | Lair:2   | Reached XP level 12. HP: 110/110 MP: 12/12
 11791 | Lair:2   | Noticed Erica
 11796 | Lair:2   | Noticed a catoblepas
 11816 | Lair:2   | Killed a catoblepas
 11822 | Lair:2   | Killed Erica
 12961 | Lair:2   | Reached skill level 13 in Axes
 13197 | Lair:2   | Noticed a five-headed hydra
 13211 | Lair:2   | Killed a ten-headed hydra
 14125 | Lair:3   | Noticed a boulder beetle
 14147 | Lair:3   | Killed a boulder beetle
 14148 | Lair:3   | Reached skill level 14 in Axes
 14999 | Lair:4   | Reached XP level 13. HP: 108/119 MP: 13/13
 15965 | Lair:5   | Entered Level 5 of the Lair of Beasts
 15965 | Lair:5   | Noticed Nessos
 15970 | Lair:5   | Killed Nessos
 15978 | Lair:5   | Found a viscous altar of Jiyva.
 15979 | Lair:5   | Found a staircase to the Slime Pits.
 15988 | Lair:5   | Reached skill level 15 in Axes
 16218 | Lair:5   | Reached skill level 5 in Armour
 16497 | Lair:5   | Reached skill level 16 in Axes
 16536 | Lair:5   | Slain by a 14-headed hydra

Illustrated notes

Levels and vault maps discovered:
D:1:      minmay_arrival_shattered_statue, layout_loops_ring
D:2:      layout_rooms, basic_altar
D:3:      layout_loops_corners, okawaru_metal_pillars_1_2,
          hellmonk_ecumenical_altar_blasted, grunt_ministairs_10
D:4:      layout_gridville, lightli_ossuary_entry_decrepit_ruins,
          chequers_decorated_corner, uniq_robin, uniq_pikel
D:5:      layout_gridville, tgw_sif, nicolae_overflow_crystal_walls,
          minmay_temple_entry_poolview, serial_shops, nicolae_diamond_shop
D:6:      layout_rooms, nicolae_overflow_squiral,
          nicolae_shop_national_dungeon_mall, minmay_manual_mares
D:7:      dreamdust_elfheim, layout_loops_ring, kennysheep_little_box
D:8:      layout_loops_cross, lair_entry_dummy, enter_bailey_3
D:9:      layout_cave_pods, david_orc_4, serial_park, serial_park_square2,
          serial_park_square3 [serial_park_minivault_5x5_2], serial_park_square1
          [serial_park_minivault_5x5_5], serial_shops, shop,
          chequers_serial_rivers_large_a, uniq_prince_ribbit1
D:10:     layout_small_grid, serial_shops, nicolae_shop_just_a_little_nook,
          minivault_4, minmay_shop_chei, uniq_gastronok
Temple:   nicolae_temple_x_marks_the_god
Lair:1:   layout_chaotic_city
Lair:2:   layout_gridlike, minmay_swamp_entry_wisps,
          minmay_snake_entry_guardpost_small, nicolae_lair_liquid_snakes,
          uniq_erica
Lair:3:   layout_cave_pods, chequers_serial_rivers_micro_e
Lair:4:   layout_layer_cave, dreamdust_mushroom_princess
Lair:5:   gammafunk_lair_ancient_temple, layout_loops_ring,
          minmay_slime_entry_pillars, uniq_nessos

Skill      XL: |  1  2  3  4  5  6  7  8  9 10 11 12 13 |
---------------+----------------------------------------+-----
Dodging        | 1 2 3 4 6 7 8 10 11 | 11.4
Shields        | 4 5 6 7 8 10 11 12 | 12.8
Fighting       | 4 5 6 7 8 10 11 12 13 | 13.5
Axes           | 3 4 5 6 7 8 9 12 14 16 | 16.0
Shapeshifting  | 2 3 4 |  4.7
Armour         | 5 |  5.8

Action                     |  1- 3 |  4- 6 |  7- 9 | 10-12 | 13-15 || total
---------------------------+-------+-------+-------+-------+-------++-------
  Melee: War axe           |   114 |   165 |    99 |       |       ||   378
         Headbutt          |    11 |    43 |    47 |   107 |    42 ||   250
         Broad axe         |       |       |   114 |   407 |   166 ||   687
 Invoke: Potion Petition   |       |       |       |     1 |     1 ||     2
  Evoke: Wand              |       |       |     5 |    10 |       ||    15
    Use: Potion            |       |     8 |     5 |     1 |       ||    14
         Scroll            |       |     5 |    10 |     6 |       ||    21
   Stab: Distracted        |       |       |     1 |     2 |     3 ||     6
         Sleeping          |       |       |       |     4 |     1 ||     5
         Petrified         |       |       |       |       |     1 ||     1
 Armour: Scale mail        |    69 |     8 |       |       |       ||    77
         Ring mail         |       |    59 |    96 |   240 |    87 ||   482
  Dodge: Dodged            |    46 |    53 |    79 |   208 |    80 ||   466
  Block: Buckler           |     8 |       |       |       |       ||     8
         Kite shield       |    31 |   144 |   198 |   469 |   197 ||  1039
         Reflection        |       |       |    14 |    16 |     5 ||    35
   Form: Beast             |       |       |     2 |     1 |       ||     3
                           |       |       |     2 |     1 |       ||     3

Table legend: (Time is in decaauts)
 A = Elapsed time spent in this place.
 B = Non-inter-level travel time spent in this place.
 C = Inter-level travel time spent in this place.
 D = Time resting spent in this place.
 E = Time spent auto-exploring this place.
 F = Levels seen in this place.
 G = Mean time per level.
                   A        B        C        D        E       F      G
               +--------+--------+--------+--------+--------+-----+--------+
         Total |  16737 |  16108 |    629 |   2189 |  10621 |  18 |  929.8 |
       Dungeon |   8913 |   8406 |    507 |    553 |   6015 |  10 |  891.3 |
        Temple |     55 |     55 |      0 |      0 |      0 |   1 |   55.0 |
          Lair |   6553 |   6432 |    121 |   1200 |   4225 |   5 | 1310.6 |
       Ossuary |    489 |    489 |      0 |      0 |    287 |   1 |  489.0 |
        Bailey |    724 |    724 |      0 |    436 |     92 |   1 |  724.0 |
               +--------+--------+--------+--------+--------+-----+--------+

Top non-repeatable levels by time:
  Lair:2: 2189 daAuts
  Lair:1: 1304 daAuts
     D:8: 1293 daAuts
  Lair:4: 1253 daAuts
  Lair:3: 1245 daAuts
     D:6: 1237 daAuts
     D:9: 1194 daAuts
     D:7: 1052 daAuts
     D:5: 1033 daAuts
     D:3: 918 daAuts
  Bailey: 724 daAuts
     D:1: 681 daAuts
     D:4: 615 daAuts
     D:2: 567 daAuts
  Lair:5: 561 daAuts
